 Dungeon Crawl Stone Soup version 0.16.0-11-gd45b091 (webtiles) character file.

50 eeldvark the Poker (level 3, 0/32 HPs)
             Began as a Naga Warper on Mar 17, 2015.
             Succumbed to an adder's poison
             ... on level 2 of the Dungeon.
             The game lasted 00:04:09 (711 turns).

eeldvark the Poker (Naga Warper)                     Turns: 711, Time: 00:04:10

Health: 0/32       AC:  2    Str: 18    XL:     3   Next: 79%
Magic:  6/6        EV: 15    Int: 13    God:
Gold:   29         SH:  0    Dex: 16    Spells: 3 memorised, 1 level left

rFire  . . .     SeeInvis +     a - +0 spear
rCold  . . .     Clarity  .     b - +0 leather armour
rNeg   . . .     SustAb   .     (no shield)
rPois  +         Gourm    .     (no helmet)
rElec  .         Spirit   .     (no cloak)
rCorr  .         Warding  .     (no gloves)
rMut   .         Stasis   .     (no barding)
MR     .....                    (no amulet)
Stlth  ++........               (no ring)
                                (no ring)

@: mighty, agile, lethally poisoned (0 -> -1), very slow, not resistant to
hostile enchantments, unstealthy
A: spit poison, see invisible, deformed body, poison resistance, slowness 2, AC
+1
a: Spit Poison


You were on level 2 of the Dungeon.
You were not hungry.

You visited 1 branch of the dungeon, and saw 2 of its levels.

You collected 29 gold pieces.

Inventory:

Hand weapons
 a - a +0 spear (weapon)
Missiles
 e - 5 tomahawks of dispersal (quivered)
 k - 8 exploding sling bullets
Armour
 b - a +0 leather armour (worn)
Jewellery
 l - a +5 ring of intelligence {unknown}
Scrolls
 d - a scroll of blinking
 g - a scroll of random uselessness {unknown}
 h - 2 scrolls of fog {unknown}
 j - a scroll of amnesia {unknown}
 o - 2 scrolls of identify {unknown}
Potions
 i - a potion of agility
Books
 c - a book of Spatial Translocations

   Spells                             Type                      Level
   a - Apportation                    Translocation                1
   b - Blink                          Translocation                2
   c - Shroud of Golubria             Charms/Translocation         2
   d - Portal Projectile              Translocation                3
   e - Teleport Other                 Translocation                3
   f - Passage of Golubria            Translocation                4
Comestibles
 f - a bread ration


   Skills:
 - Level 2.0 Fighting
 + Level 4.0 Polearms
 - Level 0.8 Throwing
 - Level 0.7 Armour
 - Level 1.5 Dodging
 - Level 2.0 Spellcasting
 - Level 3.0 Translocations


You had one spell level left.
You knew the following spells:

 Your Spells              Type           Power        Failure   Level  Hunger
a - Apportation           Tloc           #.........   10%         1    ##.....
b - Blink                 Tloc           N/A          14%         2    ###....
c - Shroud of Golubria    Chrm/Tloc      #.........   24%         2    ###....


Dungeon Overview and Level Annotations

Branches:
Dungeon (2/15)

Altars:


Innate Abilities, Weirdness & Mutations

You cannot wear boots.
You can spit poison.
Your serpentine skin is tough (AC +1).
You have supernaturally acute eyesight.
Armour fits poorly on your strangely shaped body.
Your system is resistant to poisons.
You cover ground very slowly.


Message History

It was a potion of restore abilities.
You have got your breath back.
* * * LOW HITPOINT WARNING * * *
You feel sick.
Read which item? (? for menu, Esc to quit)
Okay, then.
You see here an adder corpse.
* * * LOW HITPOINT WARNING * * *
You feel sick.
* * * LOW HITPOINT WARNING * * *
You feel sick.
* * * LOW HITPOINT WARNING * * *
You feel sick.
* * * LOW HITPOINT WARNING * * *
You feel sick.
Drink which item? (? for menu, Esc to quit)
Okay, then.
* * * LOW HITPOINT WARNING * * *
You feel sick.
You die...

...##.# ..####.#.[####
.........<...# ...#<.#.#.#
##..##.####################
#..##.).....).........'...
##.##8.###8.###8(###8.#...
######################'##
#....@..........†)..).
#≈≈≈≈≈≈≈≈≈≈≈≈≈≈≈≈≈≈≈≈≈≈
#≈≈≈≈≈≈≈≈≈≈≈≈≈≈≈≈≈≈≈≈≈≈
##.....................
###.################## #.##
.# #


There were no monsters in sight!

Vanquished Creatures
  3 adders (D:2)
  2 oozes (D:1)
  6 bats (D:1)
  A giant cockroach (D:2)
  3 hobgoblins
  4 goblins (D:1)
  5 kobolds
  2 rats (D:1)
26 creatures vanquished.

Notes
Turn   | Place    | Note
--------------------------------------------------------------
     0 | D:1      | eeldvark, the Naga Warper, began the quest for the Orb.
     0 | D:1      | Reached XP level 1. HP: 19/19 MP: 3/3
   314 | D:1      | Reached XP level 2. HP: 20/26 MP: 4/4
   621 | D:2      | Reached XP level 3. HP: 32/32 MP: 6/6
   637 | D:2      | Learned a level 2 spell: Blink
   640 | D:2      | Learned a level 2 spell: Shroud of Golubria
   690 | D:2      | Reached skill level 4 in Polearms
   703 | D:2      | HP: 1/32 [poisoned by an adder]
   711 | D:2      | Succumbed to an adder's poison

Action                   || total
-------------------------++-------
Melee: Spear             ||    74
 Abil: Spit Poison       ||     8
  Use: Potion            ||     3
